 Dungeon Crawl Stone Soup version 0.31-a0-1549-g5ff9445e89 (webtiles) character file.

Game seed: 14494042151022669411

1229 BigPumpCobain the Chopper (level 8, -1/70 (71) HPs)
             Began as a Minotaur Fighter on Jan 2, 2024.
             Slain by a wight
             ... wielding a +0 scimitar of electrocution
              (16 damage)
             ... on level 5 of the Dungeon.
             The game lasted 00:05:33 (4633 turns).

BigPumpCobain the Chopper (Minotaur Fighter)        Turns: 4633, Time: 00:05:33

HP:   -1/70 (71)    AC: 21    Str: 24    XL:     8   Next: 24%
MP:   0/7           EV:  6    Int:  8    God:
Gold: 218           SH:  6    Dex:  9    Spells: 7/7 levels left

rFire   . . .        a - +0 war axe
rCold   . . .        z - +1 buckler of the Forsaken Allies {Int+3}
rNeg    . . .        D - +0 plate armour
rPois   .            (helmet restricted)
rElec   .            (no cloak)
rCorr   .            r - +2 pair of gloves
SInv    +            v - +0 pair of boots
Will    .....        q - amulet of guardian spirit Stlth
                     f - +4 ring of protection
HPRegen 0.31/turn    u - ring of see invisible
MPRegen 0.10/turn

%: guardian spirit
@: lightly drained
A: horns 2, retaliatory headbutt
a: no special abilities


You were on level 5 of the Dungeon.
You visited 1 branch of the dungeon, and saw 6 of its levels.

You collected 218 gold pieces.

Inventory:

Hand Weapons
 a - a +0 war axe (weapon)
 e - a +3 mace of venom
 g - a +0 broad axe
Armour
 r - a +2 pair of gloves (worn)
 v - a +0 pair of boots (worn)
 z - the +1 buckler of the Forsaken Allies (worn) {Int+3}
   (You found it on level 4 of the Dungeon)

   Int+3:     It affects your intelligence (+3).
 D - a +0 plate armour (worn)
Jewellery
 f - a +4 ring of protection (left hand)
 q - an amulet of guardian spirit (around neck)
 u - a ring of see invisible (right hand)
 y - a +6 ring of intelligence
 A - a +4 ring of protection
Scrolls
 h - a scroll of revelation
 k - a scroll of amnesia
 m - 2 scrolls of enchant armour
 o - a scroll of poison
 s - a scroll of fog
 B - a scroll of teleportation
 C - a scroll of identify
Potions
 c - 2 potions of attraction {unknown}
 d - a potion of might
 i - 2 potions of degeneration {unknown}
 j - 2 potions of enlightenment {unknown}
 l - a potion of haste {unknown}
 n - 3 potions of ambrosia {unknown}
 p - a potion of heal wounds {unknown}
 t - a potion of lignification {unknown}
 w - 4 potions of invisibility
 x - a potion of magic {unknown}


   Skills:
 + Level 6.4 Fighting
 * Level 7.8 Axes
 + Level 6.4 Armour
 + Level 6.4 Shields


You had 7 spell levels left.
You didn't know any spells.
Your spell library contained the following spells:

 Spells                   Type           Power      Damage    Failure   Level
 Lesser Beckoning         Tloc           0%         N/A       100%        2
 Gell's Gravitas          Tloc           0%         N/A       100%        3
 Teleport Other           Tloc           0%         N/A       100%        3


Dungeon Overview and Level Annotations

Branches:
Dungeon (6/15)
 Temple: D:4-7

Altars:
Cheibriados


Innate Abilities, Weirdness & Mutations

You have a pair of horns on your head.
You reflexively headbutt those who attack you in melee.


Message History

The wight hits you with a +0 scimitar of electrocution!
The gnoll hits you but does no damage. x2
You completely miss the gnoll.
The gnoll is moderately wounded.
You closely miss the orc. You hit the wight but do no damage.
You slash the gnoll! The orc barely misses you.
The wight hits you with a +0 scimitar of electrocution.
The gnoll hits you but does no damage. x2
You closely miss the gnoll.
The gnoll is moderately wounded.
You slash the wight! You slash the gnoll!
You kill the gnoll!
You closely miss the orc. The orc barely misses you. You furiously retaliate!
You headbutt the orc!
You kill the orc!
The wight hits you but does no damage.
You are electrocuted!
You block the gnoll's attack.
You hit the gnoll.
The gnoll is heavily wounded.
You closely miss the wight.
The wight hits you with a +0 scimitar of electrocution!
The gnoll hits you with a +0 halberd.
You hit the wight but do no damage.
The wight is severely damaged.
You hit the gnoll.
The wight hits you with a +0 scimitar of electrocution.
You feel drained. The gnoll hits you but does no damage.
You barely miss the wight.
The wight is severely damaged.
You slash the gnoll!
You kill the gnoll!
The wight hits you but does no damage. x2
You hit the wight but do no damage.
The wight is severely damaged.
The wight hits you but does no damage.
You are electrocuted!
* * * LOW HITPOINT WARNING * * *
You barely miss the wight.
The wight is severely damaged.
The wight hits you but does no damage.
You are electrocuted!!
You die...

#......#.....#
#.####.#.###.# #....))..#
#.# ############.####
##...........#
#......##....#
####......##....#
########...[z)...##....#
#......'...)@).>.##....#
#.######...#)######....#
#.# #...#.## #....# #.#
#...#..## #....###### #.#
#...#...####....##....
#.#
##...###.........##....
#.#
##.....##.......####....
#.#
#.......#...(...####....
#.#
##.......##......'.......


You could see a wight.

Vanquished Creatures
  A troll (D:5)
  An ice beast (D:4)
  An ogre (D:4)
  3 scorpions
  2 wights
  A bombardier beetle (D:5)
  2 jellies
  3 iguanas
  A hound (D:5)
  3 orc wizards
  8 gnolls
  12 adders
  2 dart slugs
  3 ribbon worms
  10 orcs
  12 ball pythons
  3 endoplasms
  5 giant cockroaches
  9 goblins
  4 hobgoblins
  2 jackals (D:2)
  3 bats
  2 frilled lizards (D:2)
  A goblin zombie (D:5)
  A hobgoblin zombie (D:5)
  4 kobolds
  3 rats
102 creatures vanquished.

Notes
Turn   | Place    | Note
-------+----------+-------------------------------------------
     0 | D:1      | BigPumpCobain the Minotaur Fighter began the quest for the
                  | Orb.
     0 | D:1      | Reached XP level 1. HP: 19/19 MP: 0/0
   115 | D:1      | Reached XP level 2. HP: 27/27 MP: 1/1
   252 | D:1      | Reached skill level 3 in Axes
   942 | D:2      | Reached XP level 3. HP: 33/33 MP: 2/2
  1677 | D:3      | Found a faded altar of an unknown god.
  1728 | D:3      | Reached XP level 4. HP: 8/40 MP: 3/3
  2086 | D:3      | Found a snail-covered altar of Cheibriados.
  2481 | D:4      | Reached skill level 4 in Axes
  2575 | D:4      | Noticed a scorpion
  2575 | D:4      | Noticed an ogre
  2602 | D:4      | Killed a scorpion
  2603 | D:4      | Reached XP level 5. HP: 46/47 MP: 4/4
  2611 | D:5      | Entered Level 5 of the Dungeon
  2769 | D:4      | Reached skill level 5 in Axes
  2800 | D:4      | Reached XP level 6. HP: 53/55 MP: 5/5
  2858 | D:4      | Reached skill level 5 in Fighting
  2858 | D:4      | Reached skill level 5 in Armour
  2858 | D:4      | Reached skill level 5 in Shields
  3086 | D:4      | Identified the +1 buckler of the Forsaken Allies {Int+3}
  3320 | D:4      | Noticed an ice beast
  3335 | D:4      | Killed an ice beast
  3336 | D:4      | Reached skill level 6 in Axes
  3336 | D:4      | Reached XP level 7. HP: 50/61 MP: 4/6
  3519 | D:5      | Noticed a troll
  3528 | D:5      | Killed a troll
  3798 | D:5      | Reached skill level 7 in Axes
  4109 | D:5      | Reached XP level 8. HP: 59/70 MP: 4/7
  4633 | D:5      | Slain by a wight

Illustrated notes

Levels and vault maps discovered:
D:1:      minmay_arrival_up_and_down, layout_loops_ring,
          dreamdust_princess_corridor, minmay_misc_feat_encased
D:2:      layout_loops_corners
D:3:      cheibrodos_old_hovel, layout_basic,
          mainiacjoe_overflow_small_starburst, ebering_ecumenical_altar_mist
D:4:      minmay_opposing_rooms, layout_rooms, minmay_snake_closets
D:5:      nicolae_BIG_FREAKIN_CUBE, layout_basic, enter_ossuary_3,
          nicolae_underground_beach
D:6:      layout_cave_pools, nzn_wu_jian_council_hall, serial_gnoll_camp,
          gnoll_camp_medium_02, gnoll_camp_huts_moat, grums_kennel,
          gnoll_camp_mini_shop, gnoll_camp_mini_hut

Skill      XL: |  1  2  3  4  5  6  7 |
---------------+----------------------+-----
Axes           | 3 4 5 6 7 |  7.8
Fighting       | 4 5 6 |  6.4
Shields        | 4 5 6 |  6.4
Armour         | 4 5 6 |  6.4

Action                     |  1- 3 |  4- 6 |  7- 9 || total
---------------------------+-------+-------+-------++-------
  Melee: War axe           |    82 |   116 |    73 ||   271
         Headbutt          |    12 |    13 |     6 ||    31
    Use: Scroll            |     1 |     2 |     4 ||     7
         Potion            |       |       |     1 ||     1
 Armour: Scale mail        |    46 |    83 |    32 ||   161
         Plate armour      |       |       |    67 ||    67
  Dodge: Dodged            |    35 |    47 |    41 ||   123
  Block: Buckler           |    11 |    33 |    34 ||    78

Table legend: (Time is in decaauts)
 A = Elapsed time spent in this place.
 B = Non-inter-level travel time spent in this place.
 C = Inter-level travel time spent in this place.
 D = Time resting spent in this place.
 E = Time spent auto-exploring this place.
 F = Levels seen in this place.
 G = Mean time per level.
                   A        B        C        D        E       F      G
               +--------+--------+--------+--------+--------+-----+--------+
         Total |   4709 |   4498 |    211 |    307 |   3463 |   6 |  784.8 |
       Dungeon |   4709 |   4498 |    211 |    307 |   3463 |   6 |  784.8 |
               +--------+--------+--------+--------+--------+-----+--------+

Top non-repeatable levels by time:
     D:5: 1160 daAuts
     D:4: 1138 daAuts
     D:2: 859 daAuts
     D:3: 808 daAuts
     D:1: 728 daAuts
     D:6: 14 daAuts
